 Dungeon Crawl Stone Soup version 0.29.1-14-g9c671dbff4 (webtiles) character file.

Game seed: 12282069482644387378

91 croobank the Sneak (level 4, 0/32 HPs)
             Began as an Octopode Delver on Feb 15, 2023.
             Was an Initiate of Ashenzari.
             Slain by a goblin
             ... wielding a +0 club
             ... led by Robin
              (4 damage)
             ... on level 5 of the Dungeon.
             The game lasted 00:03:10 (737 turns).

croobank the Sneak (Octopode Delver)                 Turns: 737, Time: 00:03:10

Health: 0/32       AC:  1    Str: 11    XL:     4   Next: 57%
Magic:  4/4        EV: 13    Int: 14    God:    Ashenzari [......]
Gold:   23         SH:  0    Dex: 13    Spells: 3/3 levels left

rFire   . . .      SeeInvis .   a - +0 hand axe
rCold   . . .      Faith    .   (no shield)
rNeg    . . .      Spirit   .   (helmet restricted)
rPois   .          Reflect  .   (no amulet)
rElec   .          Harm     .   (no ring)
rCorr   .          Rampage  .   (no ring)
Will    .....                   (no ring)
Stlth   ++++......              (no ring)
HPRegen 0.10/turn               (no ring)
MPRegen 0.09/turn               (no ring)
                                (no ring)
                                (no ring)

@: no status effects
A: almost no armour, amphibious, 8 rings, camouflage 1, gelatinous body 1,
(nimble swimmer 1), tentacles
a: Renounce Religion


You were on level 5 of the Dungeon.
You worshipped Ashenzari.
Ashenzari was noncommittal.
You visited 2 branches of the dungeon, and saw 4 of its levels.

You collected 23 gold pieces.

Inventory:

Hand Weapons
 a - a +0 hand axe (weapon)
 e - a +0 trident
Wands
 d - a wand of iceblast (10)
 f - a wand of digging (2)
Scrolls
 b - a scroll of fog
Potions
 c - a potion of curing
 g - a potion of heal wounds {unknown}


   Skills:
 + Level 3.6 Fighting
 + Level 2.8 Axes
 + Level 2.8 Dodging
 + Level 7.2 Stealth


You had 3 spell levels left.
You didn't know any spells.
Your spell library was empty.

Dungeon Overview and Level Annotations

Branches:
Dungeon (6/15)             Temple (1/1) D:5

Altars:
Ashenzari
Cheibriados
Elyvilon
Hepliaklqana
Kikubaaqudgha
Makhleb
Nemelex Xobeh
Ru
Sif Muna
Xom
The Shining One

Annotations:
D:4 Robin


Innate Abilities, Weirdness & Mutations

You cannot wear most types of armour.
You are amphibious.
You can wear up to eight rings at the same time.
Your skin changes colour to match your surroundings (Stealth+).
Your rubbery body absorbs attacks. (AC +1, EV +1)
((You are camouflaged when in or above water. (Stealth+)))
You have tentacles for arms and can constrict up to eight enemies at once.


Message History

g - a clear potion
Things that are here:
a +0 short sword; an orc corpse
Okay, then.
Okay, then.
You see here a +0 club.
There is a stone staircase leading up here.
You climb upwards.
Level annotation: Robin Robin throws the goblin at you!
The goblin barely misses you.
A goblin comes into view. It is wielding a +0 dagger.
The goblin closely misses you. The goblin misses you.
The goblin hits you with a +0 club. The goblin hits you with a +0 dagger.
There is a stone staircase leading down here.
Things that are here:
a +0 club; a goblin skeleton The goblin hits you with a +0 club.
Robin throws the goblin at you! The goblin hits you with a +0 dagger.
The goblin closely misses you. The goblin barely misses you.
You climb downwards.
There is a stone staircase leading up here.
You closely miss the goblin. You grab the goblin. You closely miss the goblin.
You constrict the goblin. The goblin hits you with a +0 club.
The goblin misses you.
You hit the goblin but do no damage.
The goblin is heavily wounded.
You hit the goblin.
You kill the goblin!
You constrict the goblin. The goblin barely misses you.
You hit the goblin.
You kill the goblin!
You hit the goblin but do no damage. The goblin closely misses you.
You closely miss the goblin. Your grab misses the goblin.
The goblin hits you with a +0 club.
* * * LOW HITPOINT WARNING * * *
You closely miss the goblin. You grab the goblin. You constrict the goblin.
The goblin hits you with a +0 club.
* * * LOW HITPOINT WARNING * * *
The goblin hits you with a +0 club.
You die...

#############
#...†.......#**
####.#########.#,,
#.....[.....#*.#,*
#g##.######.#*.#,#
#@##.# #.#*.#.#
#)##.# ####.##.#.#
#.##.# #......>..#
#.##.# #.##.......
#.##.# #..).......
#.##.# #.#####.##.
#.##.###.#######*,
#.##.........#**,,
#.######.#####*,,,


You could see a goblin.

Vanquished Creatures
  An orc priest (D:5)
  An iguana (D:5)
  2 adders
  An ufetubus (D:5)
  An orc (D:4)
  6 goblins
  A hobgoblin (D:5)
  A ball python (D:4)
14 creatures vanquished.

Notes
Turn   | Place    | Note
-------+----------+-------------------------------------------
     0 | D:5      | croobank the Octopode Delver began the quest for the Orb.
     0 | D:5      | Reached XP level 1. HP: 16/16 MP: 1/1
     1 | D:6      | Noticed an orc wizard
     1 | D:6      | Noticed an orc priest
     1 | D:6      | Noticed an orc wizard
    23 | D:5      | Found a staircase to the Ecumenical Temple.
    35 | Temple   | Entered the Ecumenical Temple
    91 | Temple   | Became a worshipper of Ashenzari the Shackled
   132 | D:6      | Noticed a centaur
   144 | D:5      | Noticed an iguana
   152 | D:5      | Killed an iguana
   153 | D:5      | Reached XP level 2. HP: 19/21 MP: 2/2
   153 | D:5      | Reached XP level 3. HP: 23/26 MP: 3/3
   294 | D:4      | Reached skill level 7 in Stealth
   331 | D:4      | Noticed Robin
   636 | D:5      | Reached XP level 4. HP: 28/32 MP: 4/4
   706 | D:5      | Noticed an ogre
   737 | D:5      | Slain by a goblin

Illustrated notes

Levels and vault maps discovered:
D:4:      layout_rooms, mainiacjoe_overflow_brackets, kennysheep_pointless_box,
          uniq_menkaure, uniq_grinder, uniq_robin
D:5:      layout_loops_ring, nicolae_uskayaw_en_pointe,
          nicolae_dithmenos_the_darkroom, minmay_temple_entry_waves,
          gammafunk_ghost_necromancy, kennysheep_small_circle
D:6:      layout_basic, uniq_blork_the_orc, uniq_maggie
Temple:   nicolae_temple_ecumenical_triangle

Skill      XL: |  1  2  3 |
---------------+----------+-----
Stealth        | 7 |  7.2
Fighting       | |  3.6
Axes           | |  2.8
Dodging        | |  2.8

Action                   |  1- 3 |  4- 6 || total
-------------------------+-------+-------++-------
Melee: Hand axe          |    30 |     6 ||    36
       Tentacles         |     5 |     1 ||     6
       Constrict         |     7 |     3 ||    10
Evoke: Wand              |     1 |       ||     1
  Use: Scroll            |     2 |       ||     2
       Potion            |     2 |       ||     2
 Stab: Sleeping          |     2 |       ||     2
Armor: Skin              |     2 |       ||     2
Dodge: Dodged            |    22 |     9 ||    31
